 Dungeon Crawl Stone Soup version 0.26.1-11-gd32895ea62 (webtiles) character file.

Game seed: 17065285964045192429

707 infcreate the Sneak (level 7, -4/39 HPs)
             Began as a Vampire Necromancer on May 13, 2021.
             Was an Initiate of Kikubaaqudgha.
             Killed from afar by Pikel (11 damage)
             ... with an iceblast
             ... on level 4 of the Dungeon.
             The game lasted 00:19:45 (6795 turns).

infcreate the Sneak (Vampire Necromancer)           Turns: 6795, Time: 00:19:46

Health: -4/39      AC:  2    Str:  7    XL:     7   Next: 40%
Magic:  0/11       EV: 15    Int: 23    God:    Kikubaaqudgha [......]
Gold:   256        SH:  0    Dex: 17    Spells: 2/11 levels left

rFire    + . .     SeeInvis +   j - +0 dagger
rCold    + + +     Faith    .   (no shield)
rNeg     + + +     Spirit   .   a - +0 robe
rPois    ∞         Reflect  .   (no helmet)
rElec    .         Harm     .   m - scarf {rC+ rF+}
rCorr    .         Rampage  .   (no gloves)
Will     .....                  (no boots)
Stlth    +++++.....             (no amulet)
HPRegen  0.00/turn              I - +6 ring of intelligence
MPRegen  0.12/turn              (no ring)

@: bloodless
A: fangs 3, see invisible, unbreathing
a: Bat Form, Revivify, Renounce Religion


You were on level 4 of the Dungeon.
You worshipped Kikubaaqudgha.
Kikubaaqudgha was noncommittal.
You visited 2 branches of the dungeon, and saw 6 of its levels.

You collected 256 gold pieces.


Innate Abilities, Weirdness & Mutations

You do not regenerate when monsters are visible.
You are frail without blood (-20% HP).
You can heal yourself when you bite living creatures.
You are immune to poison.
You have razor-sharp teeth.
You have supernaturally acute eyesight. (SInv)
You can survive without breathing.


   Skills:
 + Level 1.9 Fighting
 * Level 3.6 Short Blades
 * Level 4.5 Dodging
 * Level 6.4 Stealth
 + Level 2.9 Spellcasting
 * Level 6.0 Necromancy


You had 2 spell levels left.
You knew the following spells:

 Your Spells              Type           Power        Failure   Level
a - Animate Skeleton      Necr           62%          1%          1
d - Animate Dead          Necr           15%          10%         4
p - Pain                  Necr           100%         1%          1
v - Vampiric Draining     Necr           15%          3%          3

Your spell library contained the following spells:

 Spells                   Type           Power        Failure   Level
 Agony                    Necr           31%          26%         5

Inventory:

Hand Weapons
 j - a +0 dagger (weapon)
Armour
 a - a +0 robe (worn)
 m - a scarf of resistance (worn)
Jewellery
 I - a +6 ring of intelligence (left hand)
Scrolls
 d - a scroll of blinking
 e - 3 scrolls of remove curse {@r2}
 h - a scroll of noise {unknown}
 l - 2 scrolls of amnesia {unknown}
Potions
 b - 3 potions of might
 c - 3 potions of degeneration {unknown}
 f - 2 potions of heal wounds {unknown}
 g - 2 potions of curing {unknown}
 i - a potion of cancellation {unknown}
 k - 2 potions of attraction {unknown}
 n - 3 potions of lignification {unknown}

Dungeon Overview and Level Annotations

Branches:
Dungeon (5/15)             Temple (1/1) D:5

Altars:
Ashenzari
Dithmenos
Fedhas
Gozag
Hepliaklqana
Kikubaaqudgha
Makhleb
Nemelex Xobeh
Okawaru
Ru
Trog
Uskayaw
Vehumet
Wu Jian
Yredelemnul
Zin
The Shining One

Annotations:
D:4 Pikel

###.##..(><######..#.####..#.##
#.............###....# #.###.#
#.#.##............#### ##.#.##
#.#.##......#.##### ##.##
#.#.####.#.....## #.#
#.#.####.#......## #.#
#.#..............### #.# #
#.#####......).....# #.# #
#.######....>K..@#.# #.# #
#...............##.########.# #
########.................>..#####
####.#.####.######........ #.###
#........####### #.# ##########
##### #.#################....
#...................###
#####################


You could see Pikel.


Message History

You barely miss Pikel.
Pikel is almost dead.
Pikel misses you.
You completely miss Pikel.
Pikel is almost dead.
You closely miss Pikel.
Pikel is almost dead.
Pikel hits you but does no damage.
You hit Pikel but do no damage.
Pikel is almost dead.
Pikel says, "Hell isn't that bad."
Pikel closely misses you.
Casting: Pain (safe; 1% risk of failure)
Confirm with . or Enter, or press ? or * to list all spells.
Aiming: Pain (safe; 1% risk of failure)
Press: ? - help, Shift-Dir - straight line, f/p - Pikel
Aim: Pikel, wielding a +2 whip of freezing, wearing a +0 robe and carrying a wand of iceblast (8) (almost dead, chance to affect: 84%) Pikel writhes in agony.
Pikel hits you with a +2 whip of freezing!
* * * LOW HITPOINT WARNING * * *
You hit Pikel.
Pikel is almost dead.
Pikel closely misses you.
You hit Pikel but do no damage. You bite Pikel, but do no damage.
Pikel is almost dead.
Pikel misses you.
Pikel zaps a wand.
The mass of ice explodes!
The iceblast engulfs you! You partially resist.
You die...
Kikubaaqudgha rasps: "You have failed me!
Welcome... oblivion!"

Skill      XL: |  1  2  3  4  5  6  7 |
---------------+----------------------+-----
Short Blades   | 1 2 3 |  3.6
Dodging        | 3 4 |  4.5
Stealth        | 4 5 6 |  6.4
Necromancy     | 5 6 |  6.0
Fighting       | 1 |  1.9
Spellcasting   | |  2.9

Action                   |  1- 3 |  4- 6 |  7- 9 || total
-------------------------+-------+-------+-------++-------
Melee: Short sword       |    15 |       |       ||    15
       Dagger            |    15 |    58 |    20 ||    93
       Bite              |     1 |     3 |     3 ||     7
 Cast: Pain              |    38 |   159 |    17 ||   214
       Vampiric Draining |       |    19 |     5 ||    24
       Animate Dead      |       |     1 |       ||     1
       Animate Skeleton  |       |     1 |       ||     1
 Abil: Exsanguinate      |     1 |       |       ||     1
  Use: Scroll            |     2 |     4 |       ||     6
 Stab: Sleeping          |    15 |     6 |     4 ||    25
       Distracted        |       |     1 |       ||     1
Armor: Robe              |     3 |     8 |     2 ||    13
Dodge: Dodged            |    15 |    60 |    19 ||    94

Levels and vault maps discovered:
D:1:      sevenhm_arrival_forest_fort_large_3, layout_basic
D:2:      layout_rooms, grunt_temple_overflow_open, uniq_natasha
D:3:      minmay_goblin_kobold_castle, layout_basic,
          chequers_ecumenical_altar_island, uniq_terence
D:4:      layout_loops_ring
D:5:      layout_gridville, minmay_temple_entry_proselytizer, uniq_menkaure,
          uniq_pikel
Temple:   dshaligram_water_room_temple

Notes
Turn   | Place    | Note
-------+----------+-------------------------------------------
     0 | D:1      | infcreate the Vampire Necromancer began the quest for the
                  | Orb.
     0 | D:1      | Reached XP level 1. HP: 13/13 MP: 3/3
     5 | D:1      | Learned a level 1 spell: Animate Skeleton
   268 | D:1      | Reached XP level 2. HP: 15/15 MP: 1/5
   562 | D:1      | Reached skill level 1 in Short Blades
   812 | D:2      | Found an opulent altar of Gozag.
   815 | D:2      | Found a sparkling altar of Nemelex Xobeh.
   832 | D:2      | Reached XP level 3. HP: 20/20 MP: 3/6
   984 | D:2      | Found a broken altar of Ashenzari.
   984 | D:2      | Found a bloodstained altar of Trog.
  1228 | D:2      | Reached skill level 3 in Dodging
  1228 | D:2      | Reached skill level 4 in Stealth
  1295 | D:2      | Reached XP level 4. HP: 24/24 MP: 7/7
  1299 | D:2      | Learned a level 3 spell: Vampiric Draining
  1299 | D:2      | Noticed Natasha
  1307 | D:2      | Killed Natasha
  1446 | D:2      | Noticed Natasha
  1606 | D:2      | Killed Natasha
  1813 | D:3      | Reached skill level 2 in Short Blades
  1813 | D:3      | Reached skill level 5 in Necromancy
  1813 | D:3      | Reached XP level 5. HP: 16/28 MP: 0/8
  1867 | D:2      | Noticed Natasha
  2032 | D:3      | Killed Natasha
  2033 | D:3      | Reached skill level 1 in Fighting
  2240 | D:3      | Found a faded altar of an unknown god.
  2930 | D:3      | HP: 2/29 [gnoll/+0 spear (6)]
  2932 | D:3      | Reached skill level 5 in Stealth
  3896 | D:3      | Noticed Terence
  3898 | D:3      | Reached XP level 6. HP: 34/34 MP: 9/9
  3915 | D:3      | Killed Terence
  4125 | D:3      | Learned a level 4 spell: Animate Dead
  4766 | D:3      | Reached skill level 3 in Short Blades
  4766 | D:3      | Reached skill level 4 in Dodging
  5715 | D:4      | Reached skill level 6 in Stealth
  5715 | D:4      | Reached XP level 7. HP: 23/39 MP: 0/11
  6036 | D:5      | Entered Level 5 of the Dungeon
  6036 | D:5      | Found a staircase to the Ecumenical Temple.
  6342 | D:5      | Reached skill level 6 in Necromancy
  6439 | D:5      | Identified a scarf of resistance (You found it on level 5
                  | of the Dungeon)
  6440 | Temple   | Entered the Ecumenical Temple
  6580 | Temple   | Became a worshipper of Kikubaaqudgha
  6622 | D:5      | Noticed Pikel
  6795 | D:4      | Killed from afar by Pikel

Vanquished Creatures
  An ogre (D:4)
  3 lemures (D:5)
  2 big kobolds (D:3)
  3 orc priests
  Terence (D:3)
  A worker ant (D:4)
  Natasha (thrice) (D:2 D:3)
  4 adders
  7 gnolls (D:3)
  3 oozes
  An adder zombie (D:3)
  A worm (D:2)
  A dart slug (D:1)
  3 leopard geckos
  An orc (D:5)
  3 giant cockroaches
  30 goblins
  35 hobgoblins
  6 jackals (D:2)
  10 kobolds
  A quokka (D:4)
  A ball python (D:2)
  8 bats
  5 frilled lizards
  3 rats
137 creatures vanquished.

Vanquished Creatures (collateral kills)
  A quokka (D:3)
1 creature vanquished.

Grand Total: 138 creatures vanquished

Table legend: (Time is in decaauts)
 A = Elapsed time spent in this place.
 B = Non-inter-level travel time spent in this place.
 C = Inter-level travel time spent in this place.
 D = Time resting spent in this place.
 E = Time spent auto-exploring this place.
 F = Levels seen in this place.
 G = Mean time per level.
                   A        B        C        D        E       F      G
               +--------+--------+--------+--------+--------+-----+--------+
         Total |   6808 |   6676 |    132 |   1603 |   3582 |   6 | 1134.7 |
       Dungeon |   6658 |   6564 |     94 |   1603 |   3473 |   5 | 1331.6 |
        Temple |    149 |    111 |     38 |      0 |    109 |   1 |  149.0 |
               +--------+--------+--------+--------+--------+-----+--------+

Top non-repeatable levels by time:
     D:3: 3453 daAuts
     D:4: 1129 daAuts
     D:2: 1101 daAuts
     D:1: 788 daAuts
     D:5: 186 daAuts
  Temple: 149 daAuts

Table legend:
 A = Non-vault XP
 B = Vault XP
 C = Vault XP percentage of total XP
 D = Non-vault monster count
 E = Vault monster count
 F = Vault count percentage of total count
                 A         B        C        D         E       F
            +---------+---------+-------+---------+---------+-------
      Total |     494 |     517 |  51.1 |      68 |      67 |  49.6
            +---------+---------+-------+---------+---------+-------
        D:1 |      36 |       0 |   0.0 |      17 |       0 |   0.0
        D:2 |     117 |      33 |  22.0 |      29 |       1 |   3.3
        D:3 |      96 |     443 |  82.2 |      16 |      65 |  80.2
        D:4 |     201 |      41 |  16.9 |       4 |       1 |  20.0
        D:5 |      44 |       0 |   0.0 |       2 |       0 |   0.0
            +---------+---------+-------+---------+---------+-------
